 Dungeon Crawl Stone Soup version 0.25-a0-589-g1e14c549ee (webtiles) character file.

Game seed: 2017655293609208904, levelgen mode: deterministic

634 Lugonue the Sneak (level 7, 0/43 HPs)
             Began as an Octopode Venom Mage on Mar 11, 2020.
             Was an Initiate of Sif Muna.
             Slain by an ice beast (5 damage)
             ... on level 4 of the Dungeon.
             The game lasted 00:09:56 (6097 turns).

Lugonue the Sneak (Octopode Venom Mage)             Turns: 6097, Time: 00:09:57

Health: 0/43       AC:  1    Str:  7    XL:     7   Next: 49%
Magic:  6/13       EV: 14    Int: 19    God:    Sif Muna [......]
Gold:   126        SH:  0    Dex: 13    Spells: 1/14 levels left

rFire    + . .     SeeInvis .   f - +0 dagger
rCold    + . .     Gourm    +   (no shield)
rNeg     . . .     Faith    .   (helmet restricted)
rPois    +         Spirit   .   g - amulet of the gourmand
rElec    +         Reflect  .   a - ring of wizardry
rCorr    +         Harm     .   (no ring)
MR       .....                  (no ring)
Stlth    ++++......             (no ring)
HPRegen  0.14/turn              (no ring)
MPRegen  0.13/turn              (no ring)
                                (no ring)
                                (no ring)

@: resistant
A: almost no armour, stealthy swim, amphibious, 8 rings, constrict 8, camouflage
1, gelatinous body 1
a: Renounce Religion


You were on level 4 of the Dungeon.
You worshipped Sif Muna.
Sif Muna was noncommittal.
You were completely stuffed.

You visited 2 branches of the dungeon, and saw 6 of its levels.

You collected 175 gold pieces.
You spent 49 gold pieces at shops.

Inventory:

Hand Weapons
 f - a +0 dagger (weapon)
Missiles
 p - 10 boomerangs (quivered)
Armour
 q - a +1 kite shield
Jewellery
 a - a ring of wizardry (left tentacle)
 g - an amulet of the gourmand (around mantle)
Wands
 m - a wand of iceblast (7)
Scrolls
 d - 2 scrolls of teleportation
 h - a scroll of immolation
 j - a scroll of remove curse
 k - a scroll of amnesia
Potions
 e - a potion of mutation {unknown}
 l - a potion of heal wounds {unknown}
 o - 2 potions of flight
Comestibles
 b - 9 rations
 i - a chunk of flesh


   Skills:
 + Level 1.6 Fighting
 - Level 0.3 Short Blades
 + Level 2.9 Dodging
 + Level 6.3 Stealth
 + Level 4.2 Spellcasting
 - Level 1.4 Transmutations
 - Level 0.3 Air Magic
 + Level 6.1 Poison Magic


You had one spell level left.
You knew the following spells:

 Your Spells              Type           Power        Failure   Level  Hunger
a - Sting                 Tmut/Pois      ###.         1%          1    None
b - Poisonous Vapours     Pois/Air       ###...       2%          2    #......
c - Olgreb's Toxic Radia  Pois           ####....     4%          4    ####...
d - Ignite Poison         Fire/Tmut/Pois ##......     6%          3    ###....
e - Mephitic Cloud        Conj/Pois/Air  ##......     7%          3    ###....

Your spell library contained the following spells:

 Spells                   Type           Power        Failure   Level  Hunger


Dungeon Overview and Level Annotations

Branches:
Dungeon (5/15)             Temple (1/1) D:4

Altars:
Ashenzari
Cheibriados
Fedhas
Hepliaklqana
Kikubaaqudgha
Makhleb
Nemelex Xobeh
Okawaru
Qazlal
Ru
Sif Muna
Trog
Uskayaw
Wu Jian
Yredelemnul
Zin

Shops:
D:4 [

Annotations:
D:3 2 transporters, olaf's ghost, amateur BaFi


Innate Abilities, Weirdness & Mutations

You cannot wear most types of armour.
You are very stealthy in the water. (Stealth+)
You are amphibious.
You can wear up to eight rings at the same time.
You can use your tentacles to constrict eight enemies at once.
Your skin changes colour to match your surroundings (Stealth+).
Your rubbery body absorbs attacks. (AC +1, EV +1)


Message History

There is a stone staircase leading down here.
Casting: Ignite Poison (safe; 6% risk of failure)
Confirm with . or Enter, or press ? or * to list all spells.
Aiming: Sting (safe; 1% risk of failure)
Press: ? - help, Shift-Dir - straight line, f - ice beast
Aim: an ice beast (heavily wounded)
The sting misses the ice beast.
The ice beast closely misses you.
Casting: Sting (safe; 1% risk of failure)
Confirm with . or Enter, or press ? or * to list all spells.
Aiming: Sting (safe; 1% risk of failure)
Press: ? - help, Shift-Dir - straight line, f/p - ice beast
Aim: an ice beast (heavily wounded)
The sting misses the ice beast.
The ice beast hits you. The ice beast freezes you!
* * * LOW HITPOINT WARNING * * *
You feel protected. The ice beast hits you.
* * * LOW HITPOINT WARNING * * *
The ice beast freezes you. You resist.
You die...

#....#......#
#.##.#......#
####.##.#......###
#.................
#.##.##.#......###
#.##.##.#.........
#.##.##.#.........
#Y##.##.#####.....
#@................
####.########.....
#.########.....
#..............
###########.....
#...............
#...............
#...............
#...............


You could see an ice beast.

Vanquished Creatures
  A centaur (D:5)
  A phantom (D:4)
  Blork the orc (D:4)
  3 scorpions (D:4)
  A hound (D:2)
  An iguana (D:5)
  2 worker ants (D:4)
  A gnoll (D:5)
  6 adders
  An ooze (D:2)
  An adder skeleton (D:5)
  4 worms
  2 dart slugs
  3 leopard geckos
  2 ball pythons (D:2)
  6 bats
  2 giant cockroaches
  7 goblins
  6 hobgoblins
  8 jackals
  6 kobolds
  2 quokkas
  3 frilled lizards
  10 rats
80 creatures vanquished.

Notes
Turn   | Place    | Note
-------+----------+-------------------------------------------
     0 | D:1      | Lugonue the Octopode Venom Mage began the quest for the
                  | Orb.
     0 | D:1      | Reached XP level 1. HP: 11/11 MP: 3/3
   533 | D:1      | Reached XP level 2. HP: 17/17 MP: 5/5
   539 | D:1      | Learned a level 2 spell: Poisonous Vapours
  2082 | D:2      | Reached XP level 3. HP: 21/21 MP: 3/6
  2569 | D:2      | Reached XP level 4. HP: 23/27 MP: 0/7
  2657 | D:2      | Learned a level 4 spell: Olgreb's Toxic Radiance
  3015 | D:2      | Found a glowing silver altar of Zin.
  3015 | D:2      | Found a bloodstained altar of Trog.
  3016 | D:2      | Found a hazy altar of Hepliaklqana.
  4229 | D:3      | Reached XP level 5. HP: 32/32 MP: 8/8
  4442 | D:3      | Noticed olaf's ghost (amateur BaFi)
  4445 | D:3      | Found a transporter.
  4451 | D:3      | Noticed an ogre
  4453 | D:3      | Found a transporter.
  4511 | D:3      | Found a blossoming altar of Fedhas.
  4766 | D:4      | Reached skill level 1 in Fighting
  4766 | D:4      | Reached skill level 5 in Stealth
  4776 | D:4      | Found Sycum's Armour Shoppe.
  4781 | D:4      | Bought a +0 kite shield for 49 gold pieces
  4804 | D:4      | Found a burning altar of Makhleb.
  4872 | D:4      | Found a staircase to the Ecumenical Temple.
  4882 | D:4      | Reached skill level 5 in Poison Magic
  4882 | D:4      | Reached XP level 6. HP: 38/38 MP: 6/10
  4889 | Temple   | Entered the Ecumenical Temple
  5002 | Temple   | Became a worshipper of Sif Muna the Loreminder
  5202 | D:4      | Found a snail-covered altar of Cheibriados.
  5306 | D:4      | Noticed Blork the orc
  5310 | D:4      | Noticed a phantom
  5313 | D:4      | Killed Blork the orc
  5315 | D:4      | Found a sand-covered staircase.
  5359 | D:5      | Entered Level 5 of the Dungeon
  5566 | D:5      | Learned a level 3 spell: Ignite Poison
  5570 | D:5      | Found a hide-covered altar of Uskayaw.
  5570 | D:5      | Noticed a +0 hand axe
  5570 | D:5      | Noticed a +0 dagger
  5582 | D:5      | Reached XP level 7. HP: 29/43 MP: 0/12
  5744 | D:4      | Learned a level 3 spell: Mephitic Cloud
  6097 | D:4      | Slain by an ice beast

Levels and vault maps discovered:
D:1:      elethiomel_arrival_infinity_welcomes_careful_drivers, layout_basic
D:2:      layout_basic, gammafunk_temple_overflow_forgotten
D:3:      layout_loops_ring, fedhas_altar_2, gammafunk_ghost_arena
D:4:      layout_basic, nicolae_overflow_hidden_temple,
          lemuel_coloured_pillars_altar, minmay_temple_entry_wispy,
          serial_shops, shop, enter_ossuary_3, first_ration, uniq_blork_the_orc
D:5:      layout_basic, dancing_weapons_uskayaw, marbit_many_paths
Temple:   compressed_dpeg_triangle_lava_temple

Skill      XL: |  1  2  3  4  5  6  7 |
---------------+----------------------+-----
Poison Magic   | 4 5 6 |  6.1
Stealth        | 3 4 5 6 |  6.3
Fighting       | 1 |  1.6
Spellcasting   | 3 4 |  4.2
Short Blades   | |  0.3
Dodging        | |  2.9
Transmutations | |  1.4
Air Magic      | |  0.3

Action                   |  1- 3 |  4- 6 |  7- 9 || total
-------------------------+-------+-------+-------++-------
Melee: Unarmed           |    14 |       |       ||    14
       Constrict         |    11 |    18 |     4 ||    33
       Tentacles         |     7 |     7 |     3 ||    17
       Dagger            |    30 |    60 |    18 ||   108
Throw: Boomerang         |       |     4 |     4 ||     8
 Cast: Sting             |    18 |    19 |     8 ||    45
       Poisonous Vapours |     5 |    19 |     4 ||    28
       Olgreb's Toxic Ra |       |     5 |       ||     5
       Ignite Poison     |       |     1 |     2 ||     3
       Mephitic Cloud    |       |       |     1 ||     1
  Use: Potion            |     1 |     1 |     1 ||     3
       Scroll            |       |     9 |       ||     9
 Stab: Sleeping          |     4 |    12 |     1 ||    17
  Eat: Chunk             |     7 |    19 |     2 ||    28
       Ration            |     1 |       |       ||     1
Armor: Skin              |     3 |     4 |     1 ||     8
Dodge: Dodged            |    41 |    50 |    16 ||   107

Table legend:
 A = Non-vault XP
 B = Vault XP
 C = Vault XP percentage of total XP
 D = Non-vault monster count
 E = Vault monster count
 F = Vault count percentage of total count
                 A         B        C        D         E       F
            +---------+---------+-------+---------+---------+-------
      Total |     817 |      90 |   9.9 |      79 |       1 |   1.2
            +---------+---------+-------+---------+---------+-------
        D:1 |      21 |       0 |   0.0 |      13 |       0 |   0.0
        D:2 |     113 |       0 |   0.0 |      26 |       0 |   0.0
        D:3 |      55 |       0 |   0.0 |      19 |       0 |   0.0
        D:4 |     446 |      90 |  16.8 |      13 |       1 |   7.1
        D:5 |     182 |       0 |   0.0 |       8 |       0 |   0.0
            +---------+---------+-------+---------+---------+-------
